 Dungeon Crawl Stone Soup version 0.30-a0-782-ge64f9170bb (webtiles) character file.

Game seed: 11356740028963468251

784 vineage the Trooper (level 7, -3/48 HPs)
             Began as a Gargoyle Fighter on Feb 23, 2023.
             Slain by a wight
             ... wielding a +0 halberd
              (4 damage)
             ... on level 5 of the Dungeon.
             The game lasted 00:05:49 (4846 turns).

vineage the Trooper (Gargoyle Fighter)              Turns: 4846, Time: 00:05:50

Health: -3/48      AC: 16    Str: 21    XL:     7   Next: 86%
Magic:  7/7        EV:  8    Int:  9    God:
Gold:   1705       SH:  7    Dex:  9    Spells: 6/6 levels left

rFire   . . .      SeeInvis .    a - +1 flail
rCold   . . .      Faith    .    i - +0 kite shield
rNeg    + . .      Spirit   .    b - +0 scale mail
rPois   ∞          Reflect  .    t - +0 helmet
rElec   +          Harm     .    s - scarf {+Inv}
rCorr   .          Rampage  .    (no gloves)
Will    +....                    g - +1 pair of boots Stlth
                                 o - amulet of the acrobat
HPRegen 0.28/turn                k - ring of willpower
MPRegen 0.10/turn                (no ring)

@: studying Armour
A: sickness immunity, AC +4, negative energy resistance 1, electricity
resistance, torment resistance 1, petrification resistance
a: Evoke Invisibility


You were on level 5 of the Dungeon.
You visited 1 branch of the dungeon, and saw 5 of its levels.
You also visited: Sewer.

You collected 1913 gold pieces.
You spent 208 gold pieces at shops.

Inventory:

Hand Weapons
 a - a +1 flail (weapon)
Armour
 b - a +0 scale mail (worn)
 c - a +0 buckler
 g - a +1 pair of boots (worn)
 i - a +0 kite shield (worn)
 s - a scarf of invisibility (worn)
 t - a +0 helmet (worn)
Jewellery
 k - a ring of willpower (left hand)
 o - an amulet of the acrobat (around neck)
Wands
 u - a wand of flame (2)
Scrolls
 j - 4 scrolls of teleportation
 q - 2 scrolls of fog
 r - 2 scrolls of amnesia
 v - 2 scrolls of butterflies {unknown}
Potions
 d - 2 potions of might
 e - 3 potions of magic
 f - 5 potions of mutation
 h - 6 potions of curing
 l - 4 potions of heal wounds
 m - a potion of degeneration {unknown}
 n - 2 potions of resistance {unknown}
 p - 3 potions of brilliance {unknown}


   Skills:
 * Level 7.3 Fighting
 + Level 4.6 Maces & Flails
 + Level 7.1 Armour
 - Level 3.2 Shields


You had 6 spell levels left.
You didn't know any spells.
Your spell library contained the following spells:

 Spells                   Type           Power      Damage    Failure   Level
 Blink                    Tloc           0%         N/A       99%         2
 Manifold Assault         Tloc           0%         N/A       100%        4
 Storm Form               Tmut/Air       0%         N/A       100%        7


Dungeon Overview and Level Annotations

Branches:
Dungeon (5/15)              Sewer (visited)
 Temple: D:4-7

Altars:
Elyvilon
Yredelemnul

Shops:
D:2 !


Innate Abilities, Weirdness & Mutations

You are immune to sickness and miasma.
Your stone body is resilient. (AC +4)
You are immune to poison.
You resist negative energy. (rN+)
You are resistant to electric shocks. (rElec)
You are resistant to unholy torment.
You are immune to petrification.


Message History

You sock the wight!
You destroy the wight!
The wight hits you from afar with a +0 halberd. x2
A wight comes into view. It is wielding a +3 dagger.
Found 12 gold pieces.
The wight completely misses you.
Things that are here:
a +0 dagger; a +0 robe You hit the wight.
The wight is lightly damaged.
The wight hits you with a +0 halberd.
You closely miss the wight.
The wight is lightly damaged.
You block the wight's attack.
You barely miss the wight.
The wight is lightly damaged.
The wight hits you with a +0 halberd! x2
* * * LOW HITPOINT WARNING * * *
You are too injured to fight recklessly!
You are too injured to fight recklessly!
You are too injured to fight recklessly!
You are too injured to fight recklessly!
You are too injured to fight recklessly!
You are too injured to fight recklessly!
You are too injured to fight recklessly!
You are too injured to fight recklessly!
You are too injured to fight recklessly!
You are too injured to fight recklessly!
You are too injured to fight recklessly!
You are too injured to fight recklessly!
You are too injured to fight recklessly!
You sock the wight!
The wight is severely damaged.
The wight hits you with a +0 halberd!
* * * LOW HITPOINT WARNING * * *
You closely miss the wight.
The wight is severely damaged.
The wight hits you with a +3 dagger.
* * * LOW HITPOINT WARNING * * *
The wight hits you with a +0 halberd.
You die...

#. #.## #.#$
#.#.#####
#.#.....###.
#.#.........
#######.##)z..##..
..........@z......
#####>.########.#
#..# #.## #.# #.#
#.# #.# #.#


You could see 2 wights.

Vanquished Creatures
  A black bear (D:4)
  A kobold brigand (D:4)
  2 bullfrogs (Sewer)
  2 wights (D:5)
  A hound (D:4)
  3 orc priests
  An orc wizard (D:4)
  5 adders
  6 river rats (Sewer)
  3 dart slugs
  3 worms (D:3)
  18 orcs
  14 ball pythons
  11 endoplasms
  4 giant cockroaches
  4 goblins
  8 hobgoblins
  4 quokkas
  5 bats
  7 frilled lizards
  8 kobolds
  22 rats
133 creatures vanquished.

Notes
Turn   | Place    | Note
-------+----------+-------------------------------------------
     0 | D:1      | vineage the Gargoyle Fighter began the quest for the Orb.
     0 | D:1      | Reached XP level 1. HP: 14/14 MP: 1/1
   194 | D:1      | Reached XP level 2. HP: 19/19 MP: 2/2
   782 | D:1      | Identified a scroll of acquirement
   782 | D:1      | Acquired a manual of Armour
   942 | D:2      | Reached XP level 3. HP: 22/24 MP: 3/3
   971 | D:2      | Found Voyxzem's Distillery.
  1008 | D:2      | Found a basalt altar of Yredelemnul.
  1754 | D:3      | Acquired 798 gold pieces
  1795 | D:3      | Reached XP level 4. HP: 30/30 MP: 4/4
  1885 | D:3      | Found a faded altar of an unknown god.
  1967 | D:3      | Found a glowing drain.
  1984 | Sewer    | Entered a sewer
  2141 | Sewer    | Reached XP level 5. HP: 33/34 MP: 5/5
  2196 | Sewer    | Reached skill level 5 in Fighting
  2409 | Sewer    | Reached skill level 5 in Armour
  2563 | Sewer    | Reached XP level 6. HP: 26/41 MP: 6/6
  2812 | D:3      | Acquired 814 gold pieces
  3050 | D:3      | Found a white marble altar of Elyvilon.
  3118 | D:3      | Found a basalt altar of Yredelemnul.
  3660 | D:2      | Bought a potion of heal wounds for 65 gold pieces
  3660 | D:2      | Bought a potion of curing for 39 gold pieces
  3660 | D:2      | Bought a potion of mutation for 104 gold pieces
  3734 | D:4      | Reached XP level 7. HP: 45/47 MP: 7/7
  4815 | D:5      | Entered Level 5 of the Dungeon
  4846 | D:5      | HP: 1/48 [wight/+3 dagger (2)]
  4846 | D:5      | Slain by a wight

Illustrated notes

Levels and vault maps discovered:
D:1:      dpeg_arrival_erosion, layout_basic
D:2:      layout_basic, basic_altar, serial_shops, shop
D:3:      layout_basic, kennysheep_ying_yang, hellmonk_ecumenical_altar_blasted,
          serial_corexii_hall, corexii_hall_statues_x,
          chequers_hall_statues_corner_a, corexii_hall_statues_l,
          corexii_hall_statues_t, portal_sewer_entry_f
D:4:      black_bear_nest_1, layout_loops_cross, corexii_corridor_pit
D:5:      layout_basic, serial_shops, shop_fountains, grunt_ministairs_9,
          uniq_edmund

Skill      XL: |  1  2  3  4  5  6  7 |
---------------+----------------------+-----
Fighting       | 4 5 6 7 |  7.3
Armour         | 4 5 6 7 |  7.1
Maces & Flails | 3 4 |  4.6
Shields        | |  3.2

Action                     |  1- 3 |  4- 6 |  7- 9 || total
---------------------------+-------+-------+-------++-------
  Melee: Flail             |   119 |   254 |   108 ||   481
    Use: Scroll            |    11 |     5 |       ||    16
         Potion            |       |     1 |       ||     1
 Armour: Scale mail        |    71 |   165 |    72 ||   308
  Dodge: Dodged            |    58 |   166 |    48 ||   272
  Block: Buckler           |    13 |       |       ||    13
         Kite shield       |    28 |   152 |    39 ||   219

Table legend: (Time is in decaauts)
 A = Elapsed time spent in this place.
 B = Non-inter-level travel time spent in this place.
 C = Inter-level travel time spent in this place.
 D = Time resting spent in this place.
 E = Time spent auto-exploring this place.
 F = Levels seen in this place.
 G = Mean time per level.
                   A        B        C        D        E       F      G
               +--------+--------+--------+--------+--------+-----+--------+
         Total |   5079 |   4772 |    307 |    509 |   3133 |   6 |  846.5 |
       Dungeon |   4160 |   3853 |    307 |    208 |   2836 |   5 |  832.0 |
         Sewer |    919 |    919 |      0 |    301 |    297 |   1 |  919.0 |
               +--------+--------+--------+--------+--------+-----+--------+

Top non-repeatable levels by time:
     D:3: 1323 daAuts
     D:4: 1125 daAuts
   Sewer: 919 daAuts
     D:2: 845 daAuts
     D:1: 830 daAuts
     D:5: 36 daAuts
